 Dungeon Crawl Stone Soup version 0.29.1-15-g9cfb28693d (webtiles) character file.

Game seed: 6563648118521039783

1770 BuddhaDhamma the Cleaver (level 8, -4/64 HPs)
             Began as a Minotaur Berserker on Mar 15, 2023.
             Was a Priest of Trog.
             Killed by vampiric draining
             ... invoked by a vampire
              (10 damage)
             ... on level 6 of the Dungeon.
             The game lasted 00:08:43 (4755 turns).

BuddhaDhamma the Cleaver (Minotaur Berserker)       Turns: 4755, Time: 00:08:44

Health: -4/64      AC: 22    Str: 25    XL:     8   Next: 80%
Magic:  7/7        EV:  7    Int:  4    God:    Trog [***...]
Gold:   430        SH:  0    Dex: 15    Spells: 7/7 levels left

rFire   . . .      SeeInvis .   v - +0 battleaxe
rCold   . . .      Faith    .   (shield currently unavailable)
rNeg    . . .      Spirit   .   r - +9 plate armour of the Unseen Realm {rElec}
rPois   .          Reflect  .   (helmet restricted)
rElec   +          Harm     .   e - +1 cloak
rCorr   .          Rampage  .   (no gloves)
Will    .....                   (no boots)
Stlth   ..........              n - amulet of regeneration
HPRegen 1.00/turn               k - +6 ring of dexterity
MPRegen 0.10/turn               (no ring)

@: confused
A: horns 2, retaliatory headbutt
a: Renounce Religion, Berserk, Trog's Hand


You were on level 6 of the Dungeon.
You worshipped Trog.
Trog was most pleased with you.
You visited 1 branch of the dungeon, and saw 6 of its levels.

You collected 430 gold pieces.

Inventory:

Hand Weapons
 v - a +0 battleaxe (weapon)
Armour
 e - a +1 cloak (worn)
 r - the +9 plate armour of the Unseen Realm (worn) {rElec}
   (You found it on level 3 of the Dungeon)

   rElec:     It insulates you from electricity.
Jewellery
 k - a +6 ring of dexterity (left hand)
 n - an amulet of regeneration (around neck)
Wands
 a - a wand of light (10)
 m - a wand of flame (27)
Scrolls
 b - a scroll of blinking {unknown}
 d - 2 scrolls of vulnerability
 h - a scroll of noise
 s - a scroll of immolation
 w - a scroll of teleportation
Potions
 c - 2 potions of magic
 f - 3 potions of curing
 g - 2 potions of invisibility
 i - 2 potions of flight
 j - a potion of degeneration {unknown}
 l - 3 potions of brilliance
 p - 2 potions of attraction {unknown}
 q - 3 potions of heal wounds
 t - a potion of might {unknown}
 u - a potion of mutation {unknown}
 x - a potion of lignification {unknown}


   Skills:
 - Level 3.6 Fighting
 + Level 13.8 Axes
 - Level 2.4 Armour
 - Level 2.1 Dodging


You had 7 spell levels left.
You didn't know any spells.
Your spell library was empty.

Dungeon Overview and Level Annotations

Branches:
Dungeon (6/15)             Temple (0/1) D:6

Altars:
Cheibriados
Dithmenos
Kikubaaqudgha
Ru
Vehumet
Wu Jian
Yredelemnul


Innate Abilities, Weirdness & Mutations

You have a pair of horns on your head.
You reflexively headbutt those who attack you in melee.


Message History

Something completely misses you. Something bites you but does no damage.
You barely miss the yak. You headbutt the yak, but do no damage.
The yak is almost dead.
You closely miss something. The yak closely misses you.
Something hits you but does no damage. Something bites you but does no damage.
Something hits you but does no damage. Something bites you but does no damage.
You're too confused to move!
You feel less confused. The yak closely misses you. You furiously retaliate!
You headbutt the yak!
You kill the yak!
Trog accepts your kill.
You closely miss something. Your headbutt misses something. Something hits you.
Something bites you.
Something draws strength from your injuries!
You miss something. You headbutt something.
Something hits you but does no damage. Something bites you but does no damage.
You barely miss something. Something hits you. Something completely misses you.
You miss something.
You hear some strange, mumbled words.
Something tries to affect you, but you resist.
You slash something! Something hits you but does no damage.
Something bites you but does no damage.
You closely miss something. Something hits you!
Something bites you but does no damage.
You hit something. Something draws life force from you!!
* * * LOW HITPOINT WARNING * * *
You closely miss something. You headbutt something. Something hits you.
* * * LOW HITPOINT WARNING * * *
Something bites you but does no damage.
You slash something! Your headbutt misses something.
Something hits you but does no damage. Something bites you but does no damage.
You miss something.
You hear some strange, mumbled words.
You are confused.
You're too confused to move!
Something hits you but does no damage. Something bites you but does no damage.
You bump into the rock wall.
Something hits you but does no damage. Something bites you but does no damage.
You barely miss something. Something draws life force from you!
You die...

########
#############.....)#
##..<..........####.# ####
##..######..#######..# ...#
#..## #..#### #..## ...#
##.## ##.....# #.## ...#
#..#######..###.###.# ...#
##.#....{@...###.##..# ...#
###....##†##....##>##<##
..####...####)..####.......#
..###..###..#...#.)###..#.##
......##.#..#...#..#.##.#.#
......)..#..#...#..#.['.###
......##.#).#...#..#.##.#
...##..###..#...#..###..#
...##....##'#($(#'##...##


There were no monsters in sight!

Vanquished Creatures
  Sigmund (D:2)
  A yak (D:6)
  A water moccasin (D:6)
  An orc warrior (D:6)
  3 centaurs (D:6)
  A phantom (D:6)
  4 scorpions
  4 wights (D:6)
  2 orc priests
  4 hounds
  Ijyb (D:4)
  2 iguanas
  2 orc wizards
  9 adders
  A shadow imp (D:6)
  A white imp (D:6)
  4 ufetubi (D:6)
  3 dart slugs
  15 orcs
  6 endoplasms
  A giant cockroach (D:2)
  9 goblins
  7 hobgoblins
  3 jackals
  4 quokkas
  7 ball pythons
  8 bats
  6 frilled lizards
  7 kobolds
  3 rats (D:2)
121 creatures vanquished.

Notes
Turn   | Place    | Note
-------+----------+-------------------------------------------
     0 | D:1      | BuddhaDhamma the Minotaur Berserker began the quest for the
                  | Orb.
     0 | D:1      | Reached XP level 1. HP: 19/19 MP: 0/0
   225 | D:1      | Reached skill level 4 in Axes
   375 | D:1      | Reached XP level 2. HP: 21/26 MP: 1/1
   719 | D:1      | Found a faded altar of an unknown god.
  1085 | D:2      | Reached skill level 5 in Axes
  1359 | D:2      | Reached ** piety under Trog
  1360 | D:2      | Reached XP level 3. HP: 26/31 MP: 2/2
  1669 | D:2      | Reached skill level 6 in Axes
  1669 | D:2      | Reached XP level 4. HP: 39/39 MP: 3/3
  1740 | D:2      | Noticed Sigmund
  1745 | D:2      | Killed Sigmund
  1746 | D:2      | Reached skill level 7 in Axes
  1746 | D:2      | Reached XP level 5. HP: 45/45 MP: 4/4
  1998 | D:3      | Reached skill level 8 in Axes
  2122 | D:3      | Identified the +9 plate armour of the Unseen Realm {rElec}
  2162 | D:3      | Reached XP level 6. HP: 51/51 MP: 5/5
  2852 | D:4      | Noticed Ijyb
  2863 | D:4      | Killed Ijyb
  2909 | D:4      | Found a snail-covered altar of Cheibriados.
  3127 | D:4      | Found an ornate altar of the Wu Jian Council.
  3185 | D:4      | Found a shadowy altar of Dithmenos.
  3194 | D:4      | Reached skill level 9 in Axes
  3203 | D:4      | Found an ancient bone altar of Kikubaaqudgha.
  3206 | D:4      | Found a basalt altar of Yredelemnul.
  3209 | D:4      | Found a sacrificial altar of Ru.
  3399 | D:4      | Found a radiant altar of Vehumet.
  3497 | D:5      | Entered Level 5 of the Dungeon
  3686 | D:5      | Reached XP level 7. HP: 57/57 MP: 6/6
  4142 | D:6      | Reached skill level 10 in Axes
  4197 | D:6      | Reached *** piety under Trog
  4226 | D:6      | Reached skill level 11 in Axes
  4356 | D:6      | Reached XP level 8. HP: 64/64 MP: 7/7
  4362 | D:6      | Reached skill level 12 in Axes
  4618 | D:6      | Reached skill level 13 in Axes
  4661 | D:6      | Found a staircase to the Ecumenical Temple.
  4750 | D:6      | HP: 1/64 [something (4)]
  4755 | D:6      | Killed from afar by a vampire

Illustrated notes

Levels and vault maps discovered:
D:1:      arrival_zaba_pyramid, layout_basic, hellmonk_ecumenical_altar_lost_god
D:2:      layout_basic, minmay_joined_circles, uniq_sigmund
D:3:      layout_loops_cross, small_statue_intersection
D:4:      layout_loops_ring, vehumet_altar_wand_db,
          grunt_temple_overflow_cloverleaf, mainiacjoe_overflow_large_starburst,
          uniq_ijyb
D:5:      layout_loops_ring
D:6:      layout_rooms, minmay_temple_entry_poolview, minmay_divided_ellipse

Skill      XL: |  1  2  3  4  5  6  7  8 |
---------------+-------------------------+-----
Axes           | 4 5 6 7 8 9 11 13 | 13.8
Fighting       | |  3.6
Armour         | |  2.4
Dodging        | |  2.1

Action                   |  1- 3 |  4- 6 |  7- 9 || total
-------------------------+-------+-------+-------++-------
Melee: Hand axe          |   102 |    49 |       ||   151
       Headbutt          |     7 |    16 |    21 ||    44
       War axe           |       |    42 |    22 ||    64
       Battleaxe         |       |       |    86 ||    86
Invok: Berserk           |       |     2 |       ||     2
  Use: Scroll            |       |    12 |     2 ||    14
Armor: Animal skin       |    16 |       |       ||    16
       Chain mail        |    33 |    14 |       ||    47
       Plate armour      |       |    31 |   104 ||   135
Dodge: Dodged            |    44 |    28 |    56 ||   128
Block: Buckler           |     1 |    16 |     7 ||    24
